 Dungeon Crawl Stone Soup version 0.18-a0-1443-ge8f1551 (webtiles) character file.

110 GrosslyIncandescent the Insei (level 4, -1/35 HPs)
             Began as a Mummy Monk on Feb 29, 2016.
             Slain by a howler monkey (3 damage)
             ... on level 3 of the Dungeon.
             The game lasted 00:03:15 (3558 turns).

GrosslyIncandescent the Insei (Mummy Monk)          Turns: 3558, Time: 00:03:15

Health: -1/35      AC:  0    Str: 14    XL:     4   Next: 61%
Magic:  4/4        EV: 13    Int:  9    God:
Gold:   152        SH:  0    Dex: 15    Spells: 0 memorised, 3 levels left

rFire  x . .     SeeInvis .       - Unarmed
rCold  + . .     Gourm    .     (no armour)
rNeg   + + +     Faith    .     (no shield)
rPois  ∞         Spirit   .     (no helmet)
rElec  .         Dismiss  .     (no cloak)
rCorr  .         Reflect  .     (no gloves)
SustAt .         Harm     .     (no boots)
MR     .....                    (no amulet)
Stlth  ++........               (no ring)
                                (no ring)

@: not resistant to hostile enchantments, unstealthy
A: no food or potions, fire vulnerability, cold resistance 1, negative energy
resistance 3, torment resistance, unbreathing
a: no special abilities


You were on level 3 of the Dungeon.
You were not hungry.

You visited 1 branch of the dungeon, and saw 3 of its levels.

You collected 152 gold pieces.


Innate Abilities, Weirdness & Mutations

You do not eat or drink.
Your flesh is vulnerable to fire.
You are immune to poison.
Your flesh is cold resistant.
You are immune to negative energy.
You are immune to unholy pain and torment.
You can survive without breathing.


   Skills:
 + Level 3.0 Fighting
 - Level 2.4 Dodging
 - Level 1.5 Stealth
 - Level 5.0 Unarmed Combat


You had 3 spell levels left.
You didn't know any spells.

Inventory:

Magical Staves
 g - an uncursed staff of fire {unknown}
Wands
 e - a wand of confusion (37/48)
Scrolls
 a - a scroll of immolation {unknown}
 b - 5 scrolls of teleportation {unknown}
 c - 2 scrolls of identify {unknown}
 d - 2 scrolls of enchant weapon {unknown}
 h - a scroll of noise {unknown}
Books
 f - a book of Alchemy (quivered)

   Spells                             Type                      Level
   a - Sublimation of Blood           Necromancy                   2
   b - Ignite Poison                  Fire/Transmutation/Poison    3
   c - Petrify                        Transmutation/Earth          4
   d - Alistair's Intoxication        Transmutation/Poison         5
   e - Irradiate                      Conjuration/Transmutation    5

Dungeon Overview and Level Annotations

Branches:
Dungeon (3/15)

Altars:

Annotations:
D:3 exclusions: orc, orc priest and orc wizard

▒▒.....▒▒...▒.▒..▒.▒.▒
▒▒▒▒▒▒▒....▒.▒......▒
▒▒▒▒▒▒......▒▒▒
▒▒▒▒▒.▒▒▒
▒▒▒▒▒▒▒▒▒.....▒
▒.....(.▒.▒▒▒▒▒
▒.........>..▒
▒▒o▒▒▒▒▒.▒h▒▒.▒ o.
▒▒.▒M▒▒.▒ ▒o
▒o....l▒▒.▒
▒.▒▒▒▒▒.▒▒▒▒.▒
▒.......▒▒▒▒.▒
▒............▒
▒▒▒▒▒▒▒▒▒▒▒▒▒▒


You could see a howler monkey, an orc and a giant gecko.


Message History

The howler monkey is severely wounded!
The howler monkey hits you! * * * don't die
* * * The howler monkey closely misses you!
The giant gecko closely misses you!
The howler monkey hits you! * * * don't die
* * * The howler monkey bites you! * * * don't die
* * * You beat the howler monkey into a bloody pulp!
The howler monkey is almost dead!
The giant gecko misses you!
The howler monkey hits you! * * * don't die
* * * The howler monkey bites you! * * * don't die
* * * You beat the howler monkey but do no damage!
The howler monkey is almost dead!
The giant gecko barely misses you!
The howler monkey hits you! * * * don't die
* * * The howler monkey barely misses you!
You barely miss the howler monkey!
The howler monkey is almost dead!
The giant gecko bites you! * * * don't die
* * * The howler monkey hits you! * * * don't die
* * * The howler monkey barely misses you!
The giant gecko closely misses you!
You closely miss the howler monkey!
The howler monkey is severely wounded!
The howler monkey hits you! rip

Action                   |  1- 3 |  4- 6 || total
-------------------------+-------+-------++-------
Melee: Unarmed           |   130 |    76 ||   206
 Stab: Sleeping          |     8 |     3 ||    11
       Distracted        |       |     1 ||     1

Vault maps used:
D:1:      minmay_arrival_diagonal_passages
D:2:      first_bread
D:3:      minmay_goblin_kobold_house

Notes
Turn   | Place    | Note
--------------------------------------------------------------
     0 | D:1      | GrosslyIncandescent the Mummy Monk began the quest for the Orb.
     0 | D:1      | Reached XP level 1. HP: 18/18 MP: 1/1
   235 | D:1      | Reached XP level 2. HP: 24/24 MP: 2/2
   691 | D:2      | HP: 2/24 [worm (8)]
  1007 | D:2      | Reached skill level 4 in Unarmed Combat
  1195 | D:2      | Reached XP level 3. HP: 22/29 MP: 3/3
  2347 | D:3      | Reached XP level 4. HP: 35/35 MP: 4/4
  3485 | D:3      | Reached skill level 5 in Unarmed Combat
  3557 | D:3      | HP: 3/35 [giant gecko (4)]
  3558 | D:3      | Slain by a howler monkey

Vanquished Creatures
  2 adders
  4 oozes
  3 worms
  3 dart slugs
  2 giant geckos (D:2)
  3 giant cockroaches
  8 hobgoblins
  A quokka (D:2)
  6 bats
  A giant newt (D:3)
  12 goblins
  7 kobolds
  4 rats
56 creatures vanquished.
